 Dungeon Sprint DCSS version 0.31-a0-728-g01b46875f1 (webtiles) character file.

Game seed: 9430656583678382814

11234 fozzywoppz the Unseen (level 11, -6/47 HPs)
             Began as a Spriggan Enchanter on Sept 10, 2023.
             Was the Champion of Sif Muna.
             Mangled by a blink frog (15 damage)
             ... in the Dungeon (Sprint III: "The Ten Rune Challenge") on Sept 12, 2023.
             The game lasted 00:17:36 (1799 turns).

fozzywoppz the Unseen (Spriggan Enchanter)          Turns: 1799, Time: 00:17:36

Health: -6/47      AC:  6    Str:  6    XL:     11   Next: 46%
Magic:  7/27       EV: 31    Int: 17    God:    Sif Muna [******]
Gold:   2789       SH:  0    Dex: 18    Spells: 12/33 levels left

rFire   + . .        h - +2 dagger (holy)
rCold   . . .        (no shield)
rNeg    . . .        n - +2 robe {rF+}
rPois   .            (helmet restricted)
rElec   .            (no cloak)
rCorr   .            (gloves unavailable)
SInv    +            (boots unavailable)
Will    ++...        (no amulet)
Stlth   +++++++      (no ring)
HPRegen 0.27/turn    (no ring)
MPRegen 0.20/turn

%: no teleportation
@: confusing by touch, very quick
A: very small, no large weapons, unfitting armour, see invisible, speed 3, claws
1, horns 1, iridescent scales 1, strong-willed 1
a: Renounce Religion, Channel Magic, Forget Spell, Divine Exegesis


You were in the Dungeon.
You worshipped Sif Muna.
Sif Muna was exalted by your worship.
You visited 1 branch You collected 3036 gold pieces.
You spent 247 gold pieces at shops.

Inventory:

Hand Weapons
 b - a +1 short sword of flaming
 h - a +2 dagger of holy wrath (weapon)
Missiles
 p - 7 curare-tipped darts
Armour
 n - a +2 robe of fire resistance (worn)
Wands
 o - a wand of charming (9)
Scrolls
 k - a scroll of poison
 l - a scroll of identify
Potions
 c - a potion of invisibility
 f - a potion of haste
 g - 2 potions of magic
 j - 5 potions of mutation
 m - 3 potions of enlightenment
Miscellaneous
 a - a phantom mirror


   Skills:
 - Level 8.0 Short Blades
 + Level 17.7 Dodging
 + Level 18.7 Stealth
 + Level 11.7 Spellcasting
 - Level 2.0 Conjurations
 + Level 11.7 Hexes
 + Level 4.1 Fire Magic
 - Level 1.0 Ice Magic
 + Level 14.1 Invocations
 - Level 10.0 Evocations


You had 12 spell levels left.
You knew the following spells:

 Your Spells              Type           Power      Damage    Failure   Level
a - Ensorcelled Hibernat  Hex/Ice        62%        N/A       1%          2
b - Confusing Touch       Hex            49%        N/A       1%          3
c - Tukima's Dance        Hex            49%        N/A       1%          3
d - Inner Flame           Hex/Fire       36%        N/A       1%          3
e - Cause Fear            Hex            24%        N/A       1%          4
f - Sigil of Binding      Hex            49%        N/A       1%          3
g - Dazzling Flash        Conj/Hex       66%        N/A       1%          3

Your spell library contained the following spells:

 Spells                   Type           Power      Damage    Failure   Level
 Jinxbite                 Hex            98%        N/A       1%          2
 Magic Dart               Conj           64%        1d6       3%          1
 Kiss of Death            Conj/Necr      52%        2d9       4%          1
 Shock                    Conj/Air       52%        1d6       4%          1
 Fulminant Prism          Conj/Hex       16%        3d11      4%          4
 Dimensional Bullseye     Hex/Tloc       14%        N/A       6%          4
 Leda's Liquefaction      Hex/Erth       14%        N/A       6%          4
 Volatile Blastmotes      Fire/Tloc      34%        2d12      9%          3
 Cigotuvi's Dreadful Rot  Necr/Pois/Air  18%        N/A       11%         2
 Hailstorm                Conj/Ice       15%        3d5       12%         3
 Ignite Poison            Fire/Tmut/Pois 14%        N/A       12%         3
 Mephitic Cloud           Conj/Pois/Air  12%        N/A       16%         3
 Summon Mana Viper        Hex/Summ       29%        N/A       19%         5
 Flame Wave               Conj/Fire      20%        2d7       21%         4
 Call Canine Familiar     Summ           9%         N/A       22%         3
 Swiftness                Air            9%         N/A       22%         3
 Iskenderun's Mystic Bla  Conj/Tloc      13%        2d5       43%         4
 Enfeeble                 Hex            24%        N/A       43%         7
 Summon Ice Beast         Ice/Summ       11%        N/A       50%         4
 Fireball                 Conj/Fire      10%        3d6       50%         5
 Airstrike                Air            4%         2d(1-17)  56%         4
 Animate Armour           Summ/Erth      18%        N/A       56%         4
 Manifold Assault         Tloc           9%         N/A       56%         4
 Petrify                  Tmut/Erth      9%         N/A       56%         4
 Summon Lightning Spire   Summ/Air       9%         N/A       56%         4
 Freezing Cloud           Conj/Ice/Air   6%         6-21      78%         5
 Irradiate                Conj/Tmut      6%         3d13      78%         5
 Lee's Rapid Deconstruct  Erth           4%         3d5*      89%         5
 Discord                  Hex            24%        N/A       98%         8
 Leda's Unmaking          Conj/Erth      6%         9d2       100%        6
 Ozocubu's Refrigeration  Ice            6%         4d8       100%        7


Dungeon Overview and Level Annotations

Branches:
Dungeon (1/1)

Altars:
Cheibriados
Dithmenos
Elyvilon
Fedhas
Gozag
Hepliaklqana
Kikubaaqudgha
Makhleb
Nemelex Xobeh
Okawaru
Qazlal
Ru
Sif Muna
Trog
Uskayaw
Vehumet
Wu Jian
Xom
Yredelemnul
Zin
The Shining One
Jiyva
Lugonu

Shops:
D [


Innate Abilities, Weirdness & Mutations

You are very small and have problems with some larger weapons.
You are too small for most types of armour.
You have supernaturally acute eyesight. (SInv)
You cover ground extremely quickly. (Speed+++)
You have sharp fingernails.
You have a pair of small horns on your head.
You are partially covered in iridescent scales. (AC +2)
You are strong-willed. (Will+)


Message History

The blink frog is moderately wounded.
The blink frog misses the blink frog.
You catch the helpless blink frog completely off-guard!
You skewer the blink frog like a kebab!!!
You kill the blink frog!
Sif Muna accepts your kill. The blink frog hits you!
Casting: Confusing Touch (safe; 1% risk of failure)
Confirm with . or Enter, or press ? or * to list all spells.
Your claws begin to glow red.
The blink frog hits the blink frog!
The blink frog blinks!
The blink frog completely misses you. The blink frog hits you!
* * * LOW HITPOINT WARNING * * *
The blink frog completely misses you. The blink frog closely misses you.
Okay, then.
Okay, then.
Okay, then.
Okay, then.
Okay, then.
Aiming: Enfeeble
Press: ? - help, Shift-Dir - straight line, f/p - blink frog
Aim: a blink frog (lightly wounded, confused, chance to confuse on hit: 53%, will inflict weakness and antimagic, chance to daze and blind: 98%)
Okay, then.
Cast which spell? (? or * to list)
Aiming: Ensorcelled Hibernation (safe; 1% risk of failure)
Press: ? - help, Shift-Dir - straight line, f/p - blink frog
Aim: a blink frog (lightly wounded, confused, chance to confuse on hit: 53%, chance to affect: 43%)
Okay, then.
Casting: Ensorcelled Hibernation (safe; 1% risk of failure)
Confirm with . or Enter, or press ? or * to list all spells.
Okay, then.
Casting: Cause Fear
Press: ? - help, Dir - look around, f - activate The blink frog resists with some effort. x2
The blink frog looks frightened!
The blink frog completely misses you. The blink frog barely misses you.
You closely miss the blink frog.
The blink frog is moderately wounded.
The blink frog misses you. The blink frog hits you!
You die...

...)#..~~~~♣..♣.'.⌠.†......#[##[#
###'#..~≈≈~~~♣..#...######'#.####
....#.~~≈~~~....#.⌠.#__#...#'####
†.).#.~≈~~~.....#...#__#...#....#
....#.~~~....†..#'###__#...##.#.)
#####...........#.))#__#...'##.#.
................#___#__'...#...#.
▓▓▓▓▓▓▓▓▓▓▓▓▓▓▓▓▓▓▓▓▓▓▓▓▓▓▓▓▓▓▓▓▓
≈≈≈≈~ ♣.@...♣♣♣♣~~~......
§~≈.~~♣♣FF≈≈≈F♣♣'♣≈≈≈≈≈≈≈≈
§§~§§.~'.....#.~♣♣♣♣♣♣♣♣♣♣
§§§§~≈♣♣♣♣♣♣♣#..♣♣ §§≈~~
###'♣♣♣♣♣♣♣♣♣ +### ♣♣♣♣.##..##~~~
♣†..##.##.#~~~ ♣♣.##.##†##+~~
♣..#.##...#~S


You could see 3 blink frogs.

Vanquished Creatures
  Dowan (D)
  Erolcha (D)
  Urug (D)
  3 orc high priests (D)
  A deep elf pyromancer (D)
  A lindwurm (D)
  A deep elf zephyrmancer (D)
  An orc knight (D)
  2 cane toads (D)
  Duvessa (D)
  A rime drake (D)
  A komodo dragon (D)
  3 wandering mushrooms (D)
  2 tyrant leeches (D)
  A blink frog (D)
  A shadow (D)
  5 redbacks (D)
  A spatial vortex (D)
  A swamp drake (D)
  4 two-headed ogres (D)
  A water elemental (D)
  A necrophage (D)
  19 killer bees (D)
  2 orc priests (D)
  A jelly (D)
  A wizard (D)
  Jessica (D)
  A necromancer (D)
  3 orc wizards (D)
  A kobold demonologist (D)
  3 humans (D)
  A wolf (D)
  12 orcs (D)
  3 rats (D)
83 creatures vanquished.

Vanquished Creatures (collateral kills)
  A queen bee (D)
  13 killer bees (D)
14 creatures vanquished.

Vanquished Creatures (others)
  A two-headed ogre (D)
1 creature vanquished.

Grand Total: 98 creatures vanquished

Notes
Turn   | Place    | Note
-------+----------+-------------------------------------------
     0 | D        | fozzywoppz the Spriggan Enchanter began the quest for the
                  | Orb.
     0 | D        | Reached XP level 1. HP: 9/9 MP: 5/5
    10 | D        | Noticed Jessica
    13 | D        | Killed Jessica
    14 | D        | Reached skill level 6 in Stealth
    14 | D        | Reached XP level 2. HP: 13/13 MP: 6/8
    20 | D        | Learned a level 2 spell: Ensorcelled Hibernation
    57 | D        | Reached skill level 5 in Hexes
    57 | D        | Reached XP level 3. HP: 4/16 MP: 10/10
    61 | D        | Learned a level 3 spell: Confusing Touch
    65 | D        | Learned a level 3 spell: Tukima's Dance
   125 | D        | Reached skill level 5 in Dodging
   139 | D        | Gained mutation: You are strong-willed. (Will+) [potion of
                  | mutation]
   139 | D        | Gained mutation: You have a pair of small horns on your
                  | head. [potion of mutation]
   139 | D        | Gained mutation: You are partially covered in iridescent
                  | scales. (AC +2) [potion of mutation]
   139 | D        | Gained mutation: You have sharp fingernails. [potion of
                  | mutation]
   150 | D        | Noticed a water elemental
   157 | D        | Killed a water elemental
   158 | D        | Reached skill level 8 in Stealth
   158 | D        | Reached skill level 5 in Spellcasting
   158 | D        | Reached XP level 4. HP: 8/21 MP: 10/12
   213 | D        | Found a radiant altar of Vehumet.
   214 | D        | Found a shimmering blue altar of Sif Muna.
   214 | D        | Found an ancient bone altar of Kikubaaqudgha.
   214 | D        | Noticed a wizard
   215 | D        | Killed a wizard
   216 | D        | Reached XP level 5. HP: 24/24 MP: 12/14
   218 | D        | Reached skill level 5 in Short Blades
   230 | D        | Became a worshipper of Sif Muna the Loreminder
   238 | D        | Found a glowing silver altar of Zin.
   238 | D        | Found a glowing golden altar of the Shining One.
   238 | D        | Found a white marble altar of Elyvilon.
   239 | D        | Noticed a deep elf pyromancer
   241 | D        | Killed a deep elf pyromancer
   242 | D        | Reached skill level 10 in Dodging
   242 | D        | Reached skill level 12 in Stealth
   242 | D        | Reached XP level 6. HP: 28/28 MP: 15/18
   242 | D        | Reached XP level 7. HP: 32/32 MP: 15/19
   248 | D        | Found a hide-covered altar of Uskayaw.
   248 | D        | Found an iron altar of Okawaru.
   248 | D        | Found a bloodstained altar of Trog.
   248 | D        | Found an ornate altar of the Wu Jian Council.
   248 | D        | Noticed a human
   249 | D        | Noticed a human
   258 | D        | Killed a human
   259 | D        | Reached skill level 13 in Stealth
   267 | D        | Killed a human
   267 | D        | Reached * piety under Sif Muna
   268 | D        | Reached skill level 14 in Stealth
   330 | D        | Found a basalt altar of Yredelemnul.
   330 | D        | Found a shadowy altar of Dithmenos.
   330 | D        | Found a sacrificial altar of Ru.
   341 | D        | Noticed a shadow
   348 | D        | Killed a shadow
   348 | D        | Reached ** piety under Sif Muna
   349 | D        | Reached skill level 15 in Stealth
   349 | D        | Reached XP level 8. HP: 36/36 MP: 17/21
   356 | D        | Found a blossoming altar of Fedhas.
   356 | D        | Found a stormy altar of Qazlal.
   356 | D        | Found a snail-covered altar of Cheibriados.
   356 | D        | Found a burning altar of Makhleb.
   356 | D        | Found a shimmering altar of Xom.
   357 | D        | Found a hazy altar of Hepliaklqana.
   357 | D        | Found an opulent altar of Gozag.
   357 | D        | Found a sparkling altar of Nemelex Xobeh.
   357 | D        | Found a corrupted altar of Lugonu.
   357 | D        | Found a viscous altar of Jiyva.
   382 | D        | Reached *** piety under Sif Muna
   383 | D        | Reached skill level 15 in Dodging
   383 | D        | Reached skill level 1 in Invocations
   397 | D        | Noticed a two-headed ogre
   407 | D        | Killed a two-headed ogre
   411 | D        | Noticed a two-headed ogre
   411 | D        | Noticed Erolcha
   420 | D        | Killed a two-headed ogre
   431 | D        | Killed Erolcha
   432 | D        | Reached skill level 10 in Spellcasting
   432 | D        | Reached skill level 10 in Hexes
   432 | D        | Reached XP level 9. HP: 14/39 MP: 15/24
   551 | D        | Noticed an orc high priest
   551 | D        | Noticed an orc knight
   558 | D        | Reached **** piety under Sif Muna
   558 | D        | Reached ***** piety under Sif Muna
   558 | D        | Received a gift from Sif Muna
   558 | D        | Killed an orc high priest
   558 | D        | Killed an orc knight
   559 | D        | Reached skill level 1 in Evocations
   561 | D        | Got Sif Muna's Octavo of Wild Oxidation {god gift}
   580 | D        | Found Zumorox's Armour Boutique.
   584 | D        | Received a gift from Sif Muna
   588 | D        | Got Sif Muna's Quarto of Maleficia {god gift}
   650 | D        | Bought a +2 robe of fire resistance for 247 gold pieces
   685 | D        | Noticed a deep elf pyromancer
   685 | D        | Noticed a deep elf pyromancer
   685 | D        | Noticed a deep elf knight
   685 | D        | Noticed a deep elf zephyrmancer
   685 | D        | Noticed a deep elf knight
   721 | D        | Learned a level 3 spell: Inner Flame
   726 | D        | Learned a level 4 spell: Cause Fear
   743 | D        | Reached XP level 10. HP: 40/44 MP: 19/25
   776 | D        | Reached skill level 16 in Stealth
   810 | D        | Noticed a cane toad
   810 | D        | Noticed a cane toad
   822 | D        | Reached skill level 5 in Evocations
   830 | D        | Killed a cane toad
   834 | D        | Killed a cane toad
   956 | D        | Received a gift from Sif Muna
   957 | D        | Got Sif Muna's More Spellcraft {god gift}
   967 | D        | Reached skill level 17 in Stealth
   969 | D        | Noticed a lindwurm
   972 | D        | Killed a lindwurm
   973 | D        | Reached skill level 1 in Fire Magic
   981 | D        | Reached ****** piety under Sif Muna
   982 | D        | Noticed Urug
   984 | D        | Killed Urug
   991 | D        | Noticed a four-headed hydra
   991 | D        | Noticed a seven-headed hydra
   996 | D        | Upgraded the game from 0.31-a0-716-gc7603755dd to
                  | 0.31-a0-728-g01b46875f1
  1012 | D        | Learned a level 3 spell: Sigil of Binding
  1016 | D        | Learned a level 3 spell: Dazzling Flash
  1031 | D        | Received a gift from Sif Muna
  1032 | D        | Got Sif Muna's Grimoire of the Shot {god gift}
  1068 | D        | Noticed Duvessa
  1069 | D        | Noticed Dowan
  1072 | D        | Killed Dowan
  1073 | D        | Reached skill level 1 in Conjurations
  1073 | D        | Reached skill level 1 in Ice Magic
  1073 | D        | Reached XP level 11. HP: 47/47 MP: 26/26
  1100 | D        | Killed Duvessa
  1417 | D        | Reached skill level 18 in Stealth
  1439 | D        | Received a gift from Sif Muna
  1491 | D        | Received a gift from Sif Muna
  1496 | D        | Received a gift from Sif Muna
  1504 | D        | Got Sif Muna's Commentary on the Charmed Wind {god gift}
  1589 | D        | Received a gift from Sif Muna
  1592 | D        | Got Sif Muna's Catalogue of the Nimbus and the Serac {god
                  | gift}
  1665 | D        | Killed a deep elf zephyrmancer
  1679 | D        | Reached skill level 10 in Evocations
  1799 | D        | Mangled by a blink frog

Illustrated notes

Levels and vault maps discovered:
D:        dungeon_sprint_mu [sprint_mu_entry_forest, sprint_mu_temple_rooms,
          sprint_mu_d1_spiders, sprint_mu_d2_genie, sprint_mu_d3_branching,
          sprint_mu_orc_legion, sprint_mu_elf_gauntlet, sprint_mu_hive_nellie,
          sprint_mu_lair_fedhas, sprint_mu_vaults_butterflies,
          sprint_mu_slime_circle, sprint_mu_swamp_cave, sprint_mu_snake_twists,
          sprint_mu_blade_basic, sprint_mu_crypt_fortress,
          sprint_mu_tomb_spiral, sprint_mu_vestibule_basic,
          sprint_mu_gehenna_hellfire, sprint_mu_dis_giant,
          sprint_mu_tartarus_statrot, sprint_mu_cocytus_islands, sprint_mu_zot1]

Skill      XL: |  1  2  3  4  5  6  7  8  9 10 11 |
---------------+----------------------------------+-----
Dodging        | 4 6 10 13 15 17 | 17.7
Short Blades   | 2 3 4 8 |  8.0
Stealth        | 6 8 12 15 17 18 | 18.7
Spellcasting   | 4 5 6 8 10 11 | 11.7
Hexes          | 4 5 6 8 10 11 | 11.7
Invocations    | 8 12 13 14 | 14.1
Evocations     | 2 8 10 | 10.0
Fire Magic     | 2 4 |  4.1
Conjurations   | 1 2 |  2.0
Ice Magic      | 1 |  1.0

Action                     |  1- 3 |  4- 6 |  7- 9 | 10-12 || total
---------------------------+-------+-------+-------+-------++-------
  Melee: Dagger            |    18 |     3 |    51 |   182 ||   254
         Headbutt          |       |       |    10 |    43 ||    53
         Punch             |       |       |     2 |     2 ||     4
   Cast: Confusing Touch   |       |       |     7 |    15 ||    22
         Ensorcelled Hiber |       |       |     5 |    20 ||    25
         Cause Fear        |       |       |       |     1 ||     1
         Freezing Cloud    |       |       |       |     1 ||     1
         Discord           |       |       |       |     1 ||     1
 Invoke: Divine Exegesis   |       |       |       |     3 ||     3
         Channel Magic     |       |       |       |     1 ||     1
  Evoke: Phantom mirror    |       |       |     3 |       ||     3
    Use: Potion            |     2 |       |       |     4 ||     6
         Scroll            |       |       |     3 |     1 ||     4
   Stab: Sleeping          |     4 |     3 |     9 |    16 ||    32
         Confused          |       |       |     9 |    13 ||    22
         Invisible         |       |       |       |    11 ||    11
 Armour: Robe              |     4 |       |     5 |    23 ||    32
  Dodge: Dodged            |     6 |       |    39 |   178 ||   223

Table legend: (Time is in decaauts)
 A = Elapsed time spent in this place.
 B = Non-inter-level travel time spent in this place.
 C = Inter-level travel time spent in this place.
 D = Time resting spent in this place.
 E = Time spent auto-exploring this place.
 F = Levels seen in this place.
 G = Mean time per level.
                   A        B        C        D        E       F      G
               +--------+--------+--------+--------+--------+-----+--------+
         Total |   1466 |   1466 |      0 |    670 |     49 |   1 | 1466.0 |
       Dungeon |   1466 |   1466 |      0 |    670 |     49 |   1 | 1466.0 |
               +--------+--------+--------+--------+--------+-----+--------+

Top non-repeatable levels by time:
       D: 1466 daAuts
